 Dungeon Crawl Stone Soup version 0.31.0-4-g52a2dc7128 (webtiles) character file.

Game seed: 11720108066322821972

52518 ces the Marksspriggan (level 14, -2/70 HPs)
             Began as a Spriggan Hunter on Jan 21, 2024.
             Was an Initiate of Gozag.
             Slain by a troll (4 damage)
             ... while petrified by Jorgrun
             ... on level 13 of the Dungeon.
             The game lasted 00:53:05 (19929 turns).

ces the Marksspriggan (Spriggan Hunter)            Turns: 19929, Time: 00:53:06

Health: -2/70      AC:  5    Str:  7    XL:     14   Next: 27%
Magic:  0/15       EV:  1    Int: 13    God:    Gozag
Gold:   3463       SH:  0    Dex: 24    Spells: 13/13 levels left

rFire   + + .        a - +9 arbalest of Discord {heavy, Int+3}
rCold   . . .        (shield currently unavailable)
rNeg    + + +        H - +2 robe
rPois   ∞            w - +1 hat {Stlth+}
rElec   .            (no cloak)
rCorr   .            (gloves unavailable)
SInv    +            (boots unavailable)
Will    ++...        t - amulet of guardian spirit
Stlth   +++++++      r - ring of protection from fire
HPRegen 0.31/turn    I - ring of protection from fire
MPRegen 0.14/turn

%: guardian spirit
@: petrified, grasped by roots, constricted, very quick
A: very small, no large weapons, unfitting armour, see invisible, speed 3
a: Renounce Religion, Potion Petition, Call Merchant, Bribe Branch


You were on level 13 of the Dungeon.
You worshipped Gozag.
Gozag was most pleased with you.
You visited 6 branches of the dungeon, and saw 21 of its levels.

You collected 4613 gold pieces.
You spent 1053 gold pieces at shops.
You paid 97 gold pieces to Gozag.

Inventory:

Hand Weapons
 a - the +9 arbalest of Discord (weapon) {heavy, Int+3}
   (You acquired it on level 4 of the Dungeon)

   Int+3:     It affects your intelligence (+3).
 b - the +0 dagger "Pefo" {freeze, rPois Will+ Int+7}
   (You found it on level 11 of the Dungeon)

   Int+7:     It affects your intelligence (+7).
   rPois:     It protects you from poison Will+: It increases your willpower.
Missiles
 n - 4 throwing nets
Armour
 w - a +1 hat of stealth (worn)
 H - a +2 robe (worn)
Jewellery
 c - a ring of flight
 d - a +6 ring of dexterity
 k - a ring of resist corrosion
 m - a +5 ring of evasion
 q - an amulet of regeneration
 r - a ring of protection from fire (left hand)
 t - an amulet of guardian spirit (around neck)
 C - a +4 ring of protection
 G - a ring of resist corrosion
 I - a ring of protection from fire (right hand)
Wands
 p - a wand of polymorph (10)
 v - a wand of iceblast (9)
 A - a wand of light (3)
 B - a wand of charming (18)
 D - a wand of digging (6)
Scrolls
 g - 4 scrolls of fog
 i - 5 scrolls of teleportation
 j - 3 scrolls of noise
 o - 2 scrolls of enchant weapon
 s - 2 scrolls of vulnerability
 u - 3 scrolls of poison
 E - 2 scrolls of fear
Potions
 e - 3 potions of brilliance
 f - a potion of haste
 h - a potion of magic
 x - 2 potions of might
 y - a potion of resistance
 z - 2 potions of mutation {unknown}
 F - 5 potions of ambrosia
 J - a potion of lignification


   Skills:
 + Level 6.8 Fighting
 - Level 8.1 Short Blades
 * Level 19.1 Ranged Weapons
 - Level 1.8 Armour
 - Level 11.2 Dodging
 - Level 14.5 Stealth
 - Level 0.3 Evocations


You had 13 spell levels left.
You didn't know any spells.
Your spell library contained the following spells:

 Spells                   Type           Power      Damage    Failure   Level
 Lesser Beckoning         Tloc           0%         N/A       43%         2
 Static Discharge         Conj/Air       0%         3-3/arc   43%         2
 Frozen Ramparts          Ice            0%         1d1       67%         3
 Gell's Gravitas          Tloc           0%         N/A       67%         3
 Inner Flame              Hex/Fire       0%         N/A       67%         3
 Teleport Other           Tloc           0%         N/A       67%         3
 Airstrike                Air            0%         2d(0-16)  97%         4
 Cause Fear               Hex            0%         N/A       97%         4
 Flame Wave               Conj/Fire      0%         2d4       97%         4
 Leda's Liquefaction      Alch/Erth      0%         N/A       97%         4
 Petrify                  Alch/Erth      0%         N/A       97%         4
 Sticky Flame             Fire/Alch      0%         2d4       97%         4
 Summon Lightning Spire   Summ/Air       0%         N/A       97%         4
 Fireball                 Conj/Fire      0%         3d3       100%        5
 Metabolic Englaciation   Hex/Ice        0%         N/A       100%        5
 Dragon's Call            Summ           0%         N/A       100%        9


Dungeon Overview and Level Annotations

Branches:
Dungeon (13/15)            Temple (1/1) D:7            Lair (3/5) D:11
 Spider (1/4) Lair:2          Orc (2/2) D:12            Elf (1/3) Orc:2
  Swamp: Lair:2-3    Shoals: Lair:2-3    Vaults: D:13-14

Altars:
Ashenzari
Cheibriados
Dithmenos
Elyvilon
Fedhas
Gozag
Hepliaklqana
Kikubaaqudgha
Makhleb
Nemelex Xobeh
Okawaru
Qazlal
Ru
Sif Muna
Trog
Uskayaw
Vehumet
Wu Jian
Xom
Yredelemnul
Zin
The Shining One
Jiyva

Shops:
D:2 *[   D:5 (   D:7 :   D:10 ?   Orc:2 [*([=

Annotations:
D:8 Maurice
D:9 2 transporters, Maggie
D:10 Snorg, Urug
D:13 Jorgrun, Kirke
Lair:1 exclusion: oklob plant


Innate Abilities, Weirdness & Mutations

You are very small and have problems with some larger weapons.
You are too small for most types of armour.
You have supernaturally acute eyesight. (SInv)
You cover ground extremely quickly. (Speed+++)


Message History

You shoot a bolt. The bolt hits Jorgrun!
Jorgrun is heavily wounded.
You shoot a bolt. The bolt hits Jorgrun!!!
Jorgrun is almost dead.
You hear an angry squeal.
You hear a shout!
Jorgrun gestures at you while chanting.
You are slowing down.
Jorgrun points at you and mumbles some strange words.
You shatter!!!
You shoot a bolt. The bolt hits the troll!
The troll is moderately wounded.
You have turned to stone.
The troll bites you! The troll claws you! The troll claws you.
Jorgrun gestures next to you while chanting.
Some rock shatters into small pieces.
The troll bites you! The troll claws you! The troll claws you.
The troll bites you.
The troll claws you but does no damage. x2
Jorgrun casts a spell at you.
Roots burst forth from the earth!
The grasping roots grab you! The grasping roots constrict you!
The troll bites you but does no damage. The troll claws you.
The troll claws you!
Jorgrun hits you with a +0 heavy quarterstaff!
* * * LOW HITPOINT WARNING * * *
The grasping roots constrict you!
* * * LOW HITPOINT WARNING * * *
The troll bites you!
* * * LOW HITPOINT WARNING * * *
The troll claws you!
* * * LOW HITPOINT WARNING * * *
The troll claws you.
* * * LOW HITPOINT WARNING * * *
Jorgrun hits you with a +0 heavy quarterstaff!
* * * LOW HITPOINT WARNING * * *
The grasping roots constrict you!
* * * LOW HITPOINT WARNING * * *
The troll bites you!
You die...
Your body crumbles into a pile of gold.

#...# #.# . #...#
.<. #####...#
###### ###.#
##.......# #....#
.# .......###.
#.)..# #.#
######.####.#....#
...#
#...........##.####
######.............
####.#@.......
#.gT>#..... #..#.##
.... ....#.. ..
.........
..........
######.... ......


You could see Jorgrun and a troll.

Vanquished Creatures
  Saint Roka (Orc:2)
  Gastronok (D:11)
  An orc warlord (Orc:2)
  A deep elf demonologist (Elf:1)
  Josephine (Orc:1)
  Erica (Lair:2)
  6 two-headed ogres
  A dancing weapon (Elf:1)
  A boulder beetle (D:12)
  An orc high priest (Orc:2)
  Sonja (D:11)
  An orc knight (Orc:2)
  A deep elf zephyrmancer (Elf:1)
  5 deep elf pyromancers
  An ugly thing (D:12)
  3 orc sorcerers (Orc:2)
  2 manticores
  7 kobold blastminers
  17 elephants
  4 black mambas
  A kobold demonologist (D:12)
  4 cane toads
  2 komodo dragons
  3 rime drakes
  An unseen horror (D:7)
  Psyche (D:8)
  6 trolls
  A queen bee (Lair:2)
  Prince Ribbit (D:6)
  8 blink frogs
  A hornet (D:9)
  11 slime creatures (D:12)
  6 wraiths
  A shadow (D:11)
  A culicivora (Lair:2)
  3 jumping spiders (Lair:2)
  4 wyverns
  10 yaks
  3 basilisks
  3 wargs
  Grum (Lair:1)
  A redback (Lair:2)
  A steam dragon (D:8)
  3 vampire mosquitoes (D:11)
  Duvessa (D:6)
  7 water moccasins
  2 sky beasts
  32 orc warriors
  4 black bears
  3 ice beasts
  12 wolves
  10 ogres
  5 centaurs
  A phantom (D:7)
  11 bullfrogs
  2 kobold brigands (D:12)
  7 gnoll sergeants
  A scorpion (shapeshifter) (Elf:1)
  4 wights (D:7)
  Dowan (D:6)
  An elephant simulacrum (Lair:1)
  27 killer bees
  4 howler monkeys
  8 electric eels
  A hound (D:5)
  6 jellies
  A bombardier beetle (D:3)
  16 orc priests
  6 sleepcaps
  A gnoll bouda (D:4)
  2 iguanas
  18 orc wizards
  A wolf simulacrum (Lair:1)
  27 gnolls
  6 adders
  2 shadow imps
  2 ufetubi (D:6)
  4 dart slugs
  5 ribbon worms
  82 orcs
  5 bats
  17 endoplasms
  3 giant cockroaches
  3 goblins
  8 hobgoblins
  4 jackals (D:2)
  3 quokkas
  8 ball pythons
  5 frilled lizards
  4 kobolds
  3 rats
520 creatures vanquished.

Vanquished Creatures (others)
  A deep elf knight (Elf:1)
1 creature vanquished.

Grand Total: 521 creatures vanquished

Notes
Turn   | Place    | Note
-------+----------+-------------------------------------------
     0 | D:1      | ces the Spriggan Hunter began the quest for the Orb.
     0 | D:1      | Reached XP level 1. HP: 10/10 MP: 2/2
   242 | D:1      | Reached XP level 2. HP: 14/14 MP: 3/3
  1077 | D:2      | Found Faogriwk's General Store.
  1120 | D:2      | Reached XP level 3. HP: 18/18 MP: 4/4
  1169 | D:2      | Found a burning altar of Makhleb.
  1261 | D:2      | Reached skill level 5 in Ranged Weapons
  1305 | D:2      | Found Koshus's Armour Shop.
  1584 | D:3      | Reached XP level 4. HP: 22/22 MP: 5/5
  2496 | D:4      | Reached XP level 5. HP: 25/25 MP: 6/6
  2570 | D:4      | Reached skill level 6 in Ranged Weapons
  2742 | D:4      | Identified a scroll of acquirement
  2742 | D:4      | Acquired the +9 arbalest of Discord {heavy, Int+3}
  2748 | D:4      | Reached XP level 6. HP: 30/30 MP: 7/7
  2853 | D:4      | Reached skill level 7 in Ranged Weapons
  3591 | D:5      | Entered Level 5 of the Dungeon
  3649 | D:5      | Found Nebb's Antique Weapon Emporium.
  3699 | D:5      | Reached XP level 7. HP: 33/33 MP: 8/8
  3705 | D:5      | Reached skill level 8 in Ranged Weapons
  4179 | D:5      | Reached skill level 5 in Dodging
  4424 | D:5      | Reached skill level 9 in Ranged Weapons
  4461 | D:5      | Reached XP level 8. HP: 39/39 MP: 9/9
  4546 | D:6      | Noticed Duvessa
  4546 | D:6      | Noticed Dowan
  4550 | D:6      | Killed Dowan
  4553 | D:6      | Killed Duvessa
  4554 | D:6      | Reached skill level 10 in Ranged Weapons
  4554 | D:6      | Noticed Prince Ribbit
  4860 | D:6      | Killed Prince Ribbit
  4876 | D:6      | Reached skill level 11 in Ranged Weapons
  4970 | D:6      | Reached XP level 9. HP: 44/44 MP: 10/10
  5283 | D:7      | Found a staircase to the Ecumenical Temple.
  5283 | D:7      | Noticed an unseen horror
  5286 | D:7      | Killed an unseen horror
  5314 | Temple   | Entered the Ecumenical Temple
  5345 | Temple   | Became a worshipper of Gozag Ym Sagoz the Greedy
  5450 | D:7      | Found Elosaed's Book Emporium.
  6043 | D:8      | Reached skill level 10 in Dodging
  6069 | D:8      | Noticed a two-headed ogre
  6223 | D:8      | Found a broken altar of Ashenzari.
  6261 | D:8      | Noticed Maurice
  6678 | D:8      | Noticed Psyche
  7016 | D:8      | Killed a two-headed ogre
  7017 | D:8      | Reached skill level 12 in Ranged Weapons
  7017 | D:8      | Reached XP level 10. HP: 49/49 MP: 11/11
  7156 | D:8      | Killed Psyche
  7401 | D:9      | Noticed a two-headed ogre
  7421 | D:9      | Killed a two-headed ogre
  7422 | D:9      | Reached skill level 13 in Ranged Weapons
  7537 | D:9      | Found a transporter.
  7542 | D:9      | Noticed Maggie
  7545 | D:9      | Found a transporter.
  7547 | D:9      | Found a viscous altar of Jiyva.
  7690 | D:10     | Entered Level 10 of the Dungeon
  8319 | D:10     | Noticed Urug
  8334 | D:10     | Noticed a two-headed ogre
  8354 | D:10     | Killed a two-headed ogre
  8549 | D:10     | Noticed Snorg
  8549 | D:10     | Noticed a two-headed ogre
  8563 | D:10     | Reached skill level 14 in Ranged Weapons
  8587 | D:10     | Killed a two-headed ogre
  9035 | D:10     | Reached XP level 11. HP: 54/54 MP: 12/12
  9130 | D:10     | Found Jovveasch's Magic Scroll Shop.
  9148 | D:10     | Bought a scroll of identify for 22 gold pieces
  9225 | D:11     | Noticed Gastronok
  9235 | D:11     | Killed Gastronok
  9338 | D:11     | Noticed Sonja
  9483 | D:11     | Identified the +0 dagger "Pefo" {freeze, rPois Will+ Int+7}
  9666 | D:11     | Reached skill level 15 in Ranged Weapons
  9832 | D:11     | Found a staircase to the Lair.
  9903 | D:11     | Killed Sonja
 10216 | D:12     | Noticed a two-headed ogre
 10234 | D:12     | Killed a two-headed ogre
 10260 | D:12     | Reached skill level 5 in Stealth
 10292 | D:12     | Reached skill level 1 in Short Blades
 10519 | D:12     | Found an opulent altar of Gozag.
 10607 | D:12     | Reached skill level 5 in Short Blades
 10674 | D:12     | Reached XP level 12. HP: 59/59 MP: 13/13
 10690 | D:12     | Found a staircase to the Orcish Mines.
 11062 | D:12     | Noticed a boulder beetle
 11068 | D:12     | Killed a boulder beetle
 11069 | D:12     | Reached skill level 10 in Stealth
 11096 | D:12     | Noticed a two-headed ogre
 11108 | D:12     | Killed a two-headed ogre
 11285 | D:13     | Noticed Kirke
 11378 | Lair:1   | Entered Level 1 of the Lair of Beasts
 11891 | Lair:1   | Reached skill level 5 in Fighting
 11911 | Lair:1   | Reached skill level 1 in Armour
 12005 | Lair:1   | Noticed Grum
 12034 | Lair:1   | Killed Grum
 12836 | Lair:2   | Noticed Erica
 12948 | Lair:2   | Reached XP level 13. HP: 55/64 MP: 12/14
 12965 | Lair:2   | Reached skill level 16 in Ranged Weapons
 13843 | Lair:2   | Identified the +5 war axe of the End {heavy, MP+9 Str+4
                  | Dex-3}
 13847 | Lair:2   | Killed Erica
 13987 | Lair:2   | Found a hole to the Spider Nest.
 14758 | Lair:3   | Reached skill level 17 in Ranged Weapons
 15293 | Orc:1    | Entered Level 1 of the Orcish Mines
 15510 | Orc:2    | Entered Level 2 of the Orcish Mines
 15922 | Orc:2    | Found a staircase to the Elven Halls.
 15943 | Orc:2    | Noticed Saint Roka
 16242 | Orc:2    | Found Boesarog's Antique Armour Shoppe.
 16258 | Orc:2    | Bought a glowing robe for 144 gold pieces
 16728 | Orc:2    | Noticed Josephine
 16741 | Orc:1    | Killed Josephine
 16947 | Orc:2    | Reached skill level 18 in Ranged Weapons
 16983 | Orc:2    | Killed Saint Roka
 17167 | Orc:2    | Noticed an orc warlord
 18142 | Orc:2    | Found Kamoc's Antique Weapon Shop.
 18148 | Orc:2    | Found Vyacreq's Antique Armour Boutique.
 18168 | Orc:2    | Bought an embroidered hat for 217 gold pieces
 18281 | Orc:2    | Reached XP level 14. HP: 70/70 MP: 15/15
 18466 | Orc:2    | Found Ceniralu's Jewellery Emporium.
 18479 | Orc:2    | Bought a ring of flight for 262 gold pieces
 18479 | Orc:2    | Bought a ring of resist corrosion for 300 gold pieces
 18654 | Orc:2    | Killed an orc warlord
 18753 | Orc:2    | Found Ehoump's General Store.
 18762 | Orc:2    | Bought a scroll of fear for 48 gold pieces
 18762 | Orc:2    | Bought a potion of heal wounds for 60 gold pieces
 18829 | Elf:1    | Entered Level 1 of the Elven Halls
 19222 | Elf:1    | Reached skill level 19 in Ranged Weapons
 19555 | Spider:1 | Entered Level 1 of the Spider Nest
 19919 | D:13     | Noticed Jorgrun
 19929 | D:13     | HP: 2/70 [constriction (6)]
 19929 | D:13     | Slain by a troll

Illustrated notes

Levels and vault maps discovered:
D:1:      nicolae_arrival_washed_ashore, layout_basic,
          shapermc_ecumenical_altar_mp_urbaneastern,
          nicolae_figureground_sparkle
D:2:      layout_basic, basic_altar, serial_shops, shop, shop
D:3:      layout_loops_corners
D:4:      layout_loops_ring, serial_co_window_serial, co_window_corner_a,
          co_window_paths_a, co_window_corner_a, co_window_cross_1,
          co_window_paths_b, co_window_of_opportunity_a, co_window_paths_a,
          co_window_corner_a, co_window_paths_a, co_window_broadway_b,
          co_window_corner_b, co_window_unsneaky_path_e, co_window_broadway_b,
          glass_columns_c, minivault_4
D:5:      layout_basic, serial_shops, kennysheep_mini_moat
D:6:      layout_cave_pools, uniq_prince_ribbit1, uniq_duvessa
D:7:      layout_cave_pools, minmay_temple_entry_statues_fountains,
          ebering_ghost_disaster_area, serial_shops, shop
D:8:      layout_basic, cheibrodos_ashenzari_chains, kennysheep_generic_room_16,
          uniq_psyche, uniq_maurice
D:9:      gammafunk_jiyva_shrine, layout_rooms, uniq_maggie
D:10:     layout_roguey [special_room_orc], serial_shops, shop, uniq_snorg,
          uniq_urug
D:11:     layout_gridville, lair_entry_dummy, uniq_gastronok, uniq_sonja
D:12:     layout_basic, kennysheep_orc_monster_closet_entryway,
          grunt_gozag_breadcrumbs
D:13:     layout_rooms, serial_co_window_serial, co_window_paths_a,
          co_window_paths_a, co_window_of_opportunity_a,
          co_window_of_opportunity_a, co_window_paths_b,
          co_window_of_opportunity_b, co_window_broadway_c,
          co_window_broadway_b, co_window_corner_b, uniq_kirke, uniq_jorgrun
Temple:   mainiacjoe_temple_hex_bubbles
Lair:1:   lemuel_slime, layout_layer_cave, portal_ice_cave_entry_ice_simulacra,
          lemuel_fruit_tree, grunt_megastairs_3, infiniplex_staircase_pool_2,
          uniq_grum
Lair:2:   layout_cave_pods, nicolae_spider_entry_tight_spaces, special_room
          [special_room_bee], lemuel_fruit_fields, serial_bayou_shore_b,
          serial_bayou_shore_a, grunt_megastairs_1, uniq_erica
Lair:3:   layout_cellular_growth, minmay_shoals_entry_hut, grunt_megastairs_5
Spider:1: layout_chambers, uniq_donald, uniq_louise
Orc:1:    layout_caves
Orc:2:    grunt_orc_community_town_hall, layout_caves,
          grunt_orc_community_big_house_1, grunt_orc_community_big_house_1,
          grunt_orc_community_house_3, grunt_orc_community_house_2,
          grunt_orc_community_house_2, grunt_orc_community_house_3,
          serial_shops, shop, uniq_josephine, uniq_saint_roka
Elf:1:    layout_loops_cross, lightli_enter_wizlab_magi_temple,
          evilmike_minifort, st_stairs_4, uniq_aizul, uniq_asterion

Skill      XL: |  1  2  3  4  5  6  7  8  9 10 11 12 13 14 |
---------------+-------------------------------------------+-----
Stealth        | 2 3 9 14 | 14.5
Dodging        | 3 4 5 6 10 11 | 11.2
Ranged Weapons | 5 6 7 9 11 12 14 15 18 19 | 19.1
Fighting       | 3 4 5 6 |  6.8
Short Blades   | 5 8 |  8.1
Armour         | 1 |  1.8
Evocations     | |  0.3

Action                     |  1- 3 |  4- 6 |  7- 9 | 10-12 | 13-15 || total
---------------------------+-------+-------+-------+-------+-------++-------
  Melee: Dagger            |       |       |       |     8 |     7 ||    15
   Fire: Shortbow          |   136 |    78 |       |       |       ||   214
         Arbalest          |       |    19 |   160 |   341 |   380 ||   900
  Evoke: Wand              |       |       |       |     2 |       ||     2
    Use: Scroll            |       |     8 |     3 |    11 |     4 ||    26
         Potion            |       |       |       |     2 |     3 ||     5
   Stab: Sleeping          |       |       |       |     8 |     4 ||    12
 Armour: Robe              |     9 |    12 |    35 |    35 |    78 ||   169
  Dodge: Dodged            |    46 |    28 |   103 |   168 |   273 ||   618
